 Dungeon Crawl Stone Soup version 0.24.0-124-g2791043dd8 (webtiles) character file.

Game seed: 285416370714645228, levelgen mode: deterministic

29 HawFromDerth the Magician (level 3, -2/19 HPs)
             Began as a Deep Elf Wizard on Feb 15, 2020.
             Killed from afar by Natasha (10 damage)
             ... with a magic dart
             ... on level 2 of the Dungeon.
             The game lasted 00:03:29 (1435 turns).

HawFromDerth the Magician (Deep Elf Wizard)         Turns: 1435, Time: 00:03:30

Health: -2/19      AC:  2    Str:  4    XL:     3   Next: 1%
Magic:  0/11       EV: 13    Int: 23    God:
Gold:   44         SH:  0    Dex: 13    Spells: 7/12 levels left

rFire    . . .     SeeInvis .   (no weapon)
rCold    . . .     Gourm    .   (no shield)
rNeg     . . .     Faith    .   a - +0 robe
rPois    .         Spirit   .   b - +0 hat
rElec    .         Reflect  .   (no cloak)
rCorr    .         Harm     .   (no gloves)
MR       .....                  (no boots)
Stlth    ++........             (no amulet)
HPRegen  0.06/turn              (no ring)
MPRegen  0.12/turn              (no ring)

@: no status effects
A: no striking features
a: no special abilities


You were on level 2 of the Dungeon.
You were not hungry.

You visited 1 branch of the dungeon, and saw 2 of its levels.

You collected 44 gold pieces.

Inventory:

Armour
 a - a +0 robe (worn)
 b - a +0 hat (worn)
Scrolls
 c - 2 scrolls of identify {unknown}
 e - a scroll of remove curse {unknown}
Comestibles
 d - a ration


   Skills:
 + Level 0.2 Fighting
 + Level 2.6 Dodging
 + Level 2.7 Stealth
 + Level 5.2 Spellcasting
 + Level 1.7 Conjurations
 + Level 1.1 Summonings
 + Level 1.1 Translocations


You had 7 spell levels left.
You knew the following spells:

 Your Spells              Type           Power        Failure   Level  Hunger
a - Magic Dart            Conj           ##..         4%          1    None
b - Blink                 Tloc           N/A          9%          2    None
c - Call Imp              Summ           ##......     9%          2    None

Your spell library contained the following spells:

 Spells                   Type           Power        Failure   Level  Hunger
 Slow                     Hex            #.......     14%         2    None
 Conjure Flame            Conj/Fire      ##......     19%         3    ##.....
 Mephitic Cloud           Conj/Pois/Air  #.......     22%         3    ##.....


Dungeon Overview and Level Annotations

Branches:
Dungeon (2/15)

Altars:

Annotations:
D:2 Natasha


Message History

Aim: a crimson imp (lightly wounded, summoned)
The magic dart hits the crimson imp but does no damage.
The crimson imp is lightly wounded.
The crimson imp blinks!
The crimson imp misses you. The crimson imp hits you.
Casting: Magic Dart (safe; 4% risk of failure)
Confirm with . or Enter, or press ? or * to list all spells.
Aiming: Magic Dart (safe; 4% risk of failure)
Press: ? - help, Shift-Dir - straight line, f/p - crimson imp
Aim: a crimson imp (summoned)
The magic dart hits the crimson imp.
The crimson imp is moderately wounded.
The crimson imp blinks!
The crimson imp hits you.
Your white imp closely misses the crimson imp.
Your crimson imp blinks!
Natasha stares at you and mumbles some strange words.
The magic dart hits you!
Ouch! That really hurt!
You die...

...5. #.......#.##..........##.#
.... #######'#.##..........##.#
### #...h##..........##.#
#....##..........##.#
#....##..........##.#
##.55.##.............#
#...5.##.............#
########.#..................#
###...<.......@...............#
..........#.#..................#
...######.#.......#########....#
. ######†###.##.#..........##.#
>.....†.......................
....###...#.##.#.####.###.##.#
.# #.#.#.##...# #.###.##.#
###........# #........#
....##...# #.#......#


You could see Natasha, a crimson imp, a friendly crimson imp and a friendly
white imp.

Vanquished Creatures
  4 bats (D:1)
  3 giant cockroaches
  5 goblins (D:1)
  4 hobgoblins
  3 kobolds (D:1)
  A ball python (D:1)
  4 frilled lizards
  4 rats (D:1)
28 creatures vanquished.

Vanquished Creatures (collateral kills)
  A ball python (D:2)
1 creature vanquished.

Vanquished Creatures (others)
  A quokka (D:2)
1 creature vanquished.

Grand Total: 30 creatures vanquished

Notes
Turn   | Place    | Note
-------+----------+-------------------------------------------
     0 | D:1      | HawFromDerth the Deep Elf Wizard began the quest for the
                  | Orb.
     0 | D:1      | Reached XP level 1. HP: 10/10 MP: 7/7
   329 | D:1      | Reached XP level 2. HP: 15/15 MP: 5/9
   333 | D:1      | Learned a level 2 spell: Blink
   580 | D:1      | Reached skill level 5 in Spellcasting
  1235 | D:2      | Learned a level 2 spell: Call Imp
  1322 | D:2      | Reached XP level 3. HP: 19/19 MP: 6/11
  1412 | D:2      | Noticed Natasha
  1435 | D:2      | Killed from afar by Natasha

Levels and vault maps discovered:
D:1:      nzn_arrival_settlement, layout_basic
D:2:      layout_basic, first_ration, elyvilon_altar_4, uniq_natasha

Skill      XL: |  1  2 |
---------------+-------+-----
Spellcasting   | 5 |  5.2
Fighting       | |  0.2
Dodging        | |  2.6
Stealth        | |  2.7
Conjurations   | |  1.7
Summonings     | |  1.1
Translocations | |  1.1

Action                   || total
-------------------------++-------
 Cast: Magic Dart        ||    63
       Call Imp          ||     8
       Blink             ||     2
  Eat: Ration            ||     1
Armor: Robe              ||     4
Dodge: Dodged            ||    27
